 Dungeon Sprint DCSS version 0.28.0-45-g0d030f2227 (webtiles) character file.

Game seed: 2576982161074735119

2655 boopmooplesden the Fencer (level 9, -3/96 HPs)
             Began as a Minotaur Berserker on Apr 11, 2022.
             Was a High Priest of Trog.
             Slain by a redback (9 damage)
             ... in the Dungeon (Sprint III: "The Ten Rune Challenge").
             The game lasted 00:02:53 (1483 turns).

boopmooplesden the Fencer (Minotaur Berserker)      Turns: 1483, Time: 00:02:53

Health: -3/96      AC:  2    Str: 24    XL:     9   Next: 36%
Magic:  2/2        EV: 15    Int:  4    God:    Trog [*****.]
Gold:   59         SH:  0    Dex: 12    Spells: 8/8 levels left

rFire   . . .      SeeInvis .   q - +3 great sword (antimagic)
rCold   . . .      Faith    .   (shield currently unavailable)
rNeg    . . .      Spirit   .   b - +0 animal skin
rPois   .          Reflect  .   (helmet restricted)
rElec   .          Harm     .   n - scarf {shadows}
rCorr   .          Rampage  .   (no gloves)
Will    .....      NoTele   +   (no boots)
Stlth   ++........              (no amulet)
HPRegen 0.26/turn               (no ring)
MPRegen 0.08/turn               (no ring)

@: on berserk cooldown, slowed, very slow
A: horns 2, retaliatory headbutt
a: Renounce Religion, Berserk, Trog's Hand, Brothers in Arms


You were in the Dungeon.
You worshipped Trog.
Trog was extremely pleased with you.
You visited 1 branch You collected 59 gold pieces.

Inventory:

Hand Weapons
 a - a +0 falchion
 o - a +0 long sword of holy wrath
 q - a +3 antimagic great sword (weapon)
Armour
 b - a +0 animal skin (worn)
 n - a scarf of shadows (worn)
Scrolls
 h - a scroll of blinking
 i - a scroll of enchant armour {unknown}
 j - 2 scrolls of immolation {unknown}
 k - 2 scrolls of identify {unknown}
Potions
 c - a potion of curing
 d - 2 potions of heal wounds
 e - a potion of haste
 f - 2 potions of magic
 g - a potion of berserk rage
 l - 3 potions of flight
 m - 5 potions of mutation
Miscellaneous
 p - a box of beasts


   Skills:
 + Level 14.9 Fighting
 + Level 17.0 Long Blades
 + Level 7.9 Armour
 + Level 9.2 Dodging
 + Level 3.3 Stealth


You had 8 spell levels left.
You didn't know any spells.
Your spell library was empty.

Dungeon Overview and Level Annotations

Branches:
Dungeon (1/1)

Altars:
Cheibriados
Dithmenos
Elyvilon
Fedhas
Gozag
Hepliaklqana
Kikubaaqudgha
Makhleb
Nemelex Xobeh
Okawaru
Qazlal
Ru
Sif Muna
Trog
Uskayaw
Vehumet
Wu Jian
Xom
Yredelemnul
Zin
The Shining One
Beogh
Jiyva
Lugonu


Innate Abilities, Weirdness & Mutations

You have a pair of horns on your head.
You reflexively headbutt those who attack you in melee.


Message History

Trog accepts your kill.
Trog appreciates your killing of a magic user.
Reactivating autopickup.
You feel a bit more experienced.
Your Long Blades skill increases to level 16!
Your Stealth skill increases to level 3!
You have reached level 9!
Your experience leads to an increase in your attributes!
Increase (S)trength, (I)ntelligence, or (D)exterity?
You feel stronger. x2
You barely miss the two-headed ogre.
You completely miss the two-headed ogre.
You headbutt the two-headed ogre!
The two-headed ogre is lightly wounded.
The two-headed ogre hits you with a +0 giant club!
* * * LOW HITPOINT WARNING * * *
The two-headed ogre barely misses you.
You slash the two-headed ogre! You headbutt the two-headed ogre!
The two-headed ogre is heavily wounded.
You slice the two-headed ogre!!
The two-headed ogre is almost dead.
The two-headed ogre hits you with a +0 giant club!!
* * * LOW HITPOINT WARNING * * *
The two-headed ogre closely misses you.
You dice the two-headed ogre like an onion!!!
You kill the two-headed ogre!
Trog accepts your kill.
Your Long Blades skill increases to level 17!
Your Dodging skill increases to level 9!
A redback comes into view.
Items here: ))) [ †.
A redback comes into view.
You feel a strong urge to attack something.
You are no longer berserk.
You are exhausted.
You feel yourself slow down.
The redback fails to trigger a net trap.
Items here: ))) [ †.
The redback bites you!
You die...

__# ._# '## ..# ..#
#'# ..#+##############
..#....#.#.#.....#
..##.#..#.##)###@#
..'##)#.#.##.#.s##...
..#.).#..#..##.s'...^.
▓▓▓▓▓▓▓▓▓▓▓▓▓▓▓▓#^.^..
.^... .... .... ###


You could see 2 redbacks.

Vanquished Creatures
  Erolcha (D)
  A deep elf pyromancer (D)
  A shadow (D)
  A spatial vortex (D)
  A necrophage (D)
  5 two-headed ogres (D)
  A water elemental (D)
  A scorpion (D)
  A jelly (D)
  A wizard (D)
  Jessica (D)
  A necromancer (D)
  A kobold demonologist (D)
  3 humans (D)
  An endoplasm (D)
  A rat (D)
22 creatures vanquished.

Notes
Turn   | Place    | Note
-------+----------+-------------------------------------------
     0 | D        | boopmooplesden the Minotaur Berserker began the quest for
                  | the Orb.
     0 | D        | Reached XP level 1. HP: 19/19 MP: 0/0
    13 | D        | Reached skill level 4 in Long Blades
   158 | D        | Noticed Jessica
   166 | D        | Killed Jessica
   166 | D        | Reached ** piety under Trog
   167 | D        | Reached skill level 5 in Fighting
   167 | D        | Reached skill level 5 in Long Blades
   167 | D        | Reached XP level 2. HP: 24/30 MP: 1/1
   231 | D        | Noticed a scorpion
   236 | D        | Killed a scorpion
   237 | D        | Reached skill level 7 in Long Blades
   237 | D        | Reached XP level 3. HP: 39/39 MP: 2/2
   237 | D        | Reached XP level 4. HP: 47/47 MP: 3/3
   388 | D        | Noticed a water elemental
   393 | D        | Killed a water elemental
   393 | D        | Reached *** piety under Trog
   394 | D        | Reached skill level 8 in Long Blades
   394 | D        | Reached XP level 5. HP: 56/56 MP: 4/4
   432 | D        | Found a shadowy altar of Dithmenos.
   432 | D        | Noticed a necrophage
   441 | D        | Killed a necrophage
   442 | D        | Reached skill level 9 in Long Blades
   442 | D        | Reached skill level 5 in Armour
   442 | D        | Found a basalt altar of Yredelemnul.
   442 | D        | Found a sacrificial altar of Ru.
   446 | D        | Reached skill level 10 in Long Blades
   446 | D        | Reached skill level 5 in Dodging
   610 | D        | Found a hide-covered altar of Uskayaw.
   610 | D        | Found an iron altar of Okawaru.
   611 | D        | Found a bloodstained altar of Trog.
   611 | D        | Found an ornate altar of the Wu Jian Council.
   611 | D        | Noticed a human
   611 | D        | Noticed a human
   622 | D        | Killed a human
   623 | D        | Reached skill level 10 in Fighting
   623 | D        | Reached skill level 11 in Long Blades
   623 | D        | Reached XP level 6. HP: 51/67 MP: 5/5
   627 | D        | Killed a human
   627 | D        | Reached **** piety under Trog
   628 | D        | Reached skill level 12 in Long Blades
   628 | D        | Reached XP level 7. HP: 56/74 MP: 6/6
   889 | D        | Found a radiant altar of Vehumet.
   891 | D        | Found a shimmering blue altar of Sif Muna.
   891 | D        | Found an ancient bone altar of Kikubaaqudgha.
   899 | D        | Noticed a rust devil
  1014 | D        | Found a glowing silver altar of Zin.
  1016 | D        | Found a glowing golden altar of the Shining One.
  1016 | D        | Found a white marble altar of Elyvilon.
  1016 | D        | Noticed a deep elf pyromancer
  1019 | D        | Killed a deep elf pyromancer
  1020 | D        | Reached skill level 14 in Long Blades
  1020 | D        | Reached skill level 1 in Stealth
  1020 | D        | Reached XP level 8. HP: 85/85 MP: 7/7
  1056 | D        | Reached ***** piety under Trog
  1192 | D        | Found a blossoming altar of Fedhas.
  1192 | D        | Found a stormy altar of Qazlal.
  1192 | D        | Found a snail-covered altar of Cheibriados.
  1192 | D        | Found a burning altar of Makhleb.
  1192 | D        | Found a shimmering altar of Xom.
  1193 | D        | Found a hazy altar of Hepliaklqana.
  1193 | D        | Found an opulent altar of Gozag.
  1193 | D        | Found a sparkling altar of Nemelex Xobeh.
  1193 | D        | Found a corrupted altar of Lugonu.
  1193 | D        | Found a viscous altar of Jiyva.
  1226 | D        | Reached skill level 15 in Long Blades
  1379 | D        | Noticed a two-headed ogre
  1386 | D        | Killed a two-headed ogre
  1386 | D        | Received a gift from Trog
  1463 | D        | Noticed Erolcha
  1463 | D        | Noticed a two-headed ogre
  1474 | D        | Killed Erolcha
  1475 | D        | Reached skill level 16 in Long Blades
  1475 | D        | Reached XP level 9. HP: 45/96 MP: 2/8
  1479 | D        | Killed a two-headed ogre
  1480 | D        | Reached skill level 17 in Long Blades
  1483 | D        | Slain by a redback

Illustrated notes

Levels and vault maps discovered:
D:        dungeon_sprint_mu [sprint_mu_entry_cave, sprint_mu_temple_rooms,
          sprint_mu_d1_spiders, sprint_mu_d2_genie, sprint_mu_d3_branching,
          sprint_mu_orc_legion, sprint_mu_elf_gauntlet, sprint_mu_hive_nellie,
          sprint_mu_lair_fedhas, sprint_mu_vaults_butterflies,
          sprint_mu_slime_circle, sprint_mu_swamp_cave, sprint_mu_shoals_kraken,
          sprint_mu_blade_basic, sprint_mu_crypt_chambers,
          sprint_mu_tomb_spiral, sprint_mu_vestibule_basic,
          sprint_mu_gehenna_hellfire, sprint_mu_dis_giant,
          sprint_mu_tartarus_statrot, sprint_mu_cocytus_islands, sprint_mu_zot1]

Skill      XL: |  1  2  3  4  5  6  7  8  9 |
---------------+----------------------------+-----
Fighting       | 5 7 8 10 11 12 14 | 14.9
Long Blades    | 5 7 8 11 12 14 16 17 | 17.0
Armour         | 3 4 6 7 |  7.9
Dodging        | 3 4 5 6 7 8 9 |  9.2
Stealth        | 1 3 |  3.3

Action                   |  1- 3 |  4- 6 |  7- 9 || total
-------------------------+-------+-------+-------++-------
Melee: Falchion          |    12 |    36 |     9 ||    57
       Headbutt          |     2 |     9 |    10 ||    21
       Long sword        |       |       |    28 ||    28
       Great sword       |       |       |    14 ||    14
Invok: Berserk           |     1 |     3 |     5 ||     9
Evoke: Box of beasts     |       |       |     1 ||     1
 Stab: Distracted        |       |       |     1 ||     1
Armor: Animal skin       |     2 |     2 |       ||     4
Dodge: Dodged            |     2 |    11 |    15 ||    28
